Map: [ESL] Stargazers

Players

RagnaroK (SHIN) - Winner!

  • Race: Zerg Zerg
  • Spawn Location: 1:00

HeroMarine

  • Race: Terran Terran
  • Spawn Location: 11:00

Event: DreamHack SC2 Masters 2022 Atlanta (Offline)

VOD

Have the link to the VOD?

Description

Time

  • Played on: Nov. 19, 2022, 11:51 a.m.
  • Length: 12:31

All games in this series

Show
View Real Time Build Order
Export as new Build Order

RagnaroK Zerg - Winner!

Build Orders: Hatch First 

Get SALT Encoding   

  12  0:00  Drone  
  13  0:12  Overlord  
  13  0:16  Drone  
  14  0:30  Drone x2  
  16  0:48  Hatchery  
  15  0:51  Drone  
  15  0:56  Drone  
  17  0:59  Drone  
  18  1:10  Extractor  
  17  1:15  Spawning Pool  
  17  1:18  Drone  
  17  1:22  Drone  
  18  1:28  Drone  
  19  1:39  Drone  
  20  2:01  Queen x2  
  20  2:02  Zergling x6  
  27  2:12  Overlord  
  27  2:13  Metabolic Boost  
  27  2:14  Drone  
  28  2:30  Drone x2  
  28  2:32  Drone x2  
  32  2:37  Queen  
  32  2:42  Overlord  
  34  2:47  Queen  
  36  3:01  Drone x3  
  36  3:04  Drone  
  40  3:06  Drone  
  40  3:09  Drone x3  
  44  3:14  Lair  
  44  3:15  Overlord  
  44  3:22  Overlord  
  44  3:25  Extractor x2  
  44  3:26  Drone  
  44  3:27  Drone, Extractor  
  44  3:29  Drone  
  44  3:35  Drone  
  44  3:37  Drone  
  44  3:39  Drone  
  47  3:44  Drone  
  47  3:45  Drone x2  
  50  3:49  Drone  
  50  3:51  Drone  
  52  3:56  Drone x3  
  52  4:02  Drone x2  
  57  4:03  Baneling Nest  
  56  4:12  Spire  
  55  4:17  Hatchery  
  55  4:20  Drone  
  55  4:22  Zergling x2  
  56  4:25  Zergling x4  
  56  4:27  Overlord  
  58  4:32  Overlord  
  58  4:34  Zergling x4  
  58  4:37  Overlord  
  60  4:40  Overlord  
  60  4:44  Overlord  
  60  4:50  Zergling x4  
  62  5:20  Drone  
  62  5:21  Drone  
  64  5:24  Mutalisk x6  
  76  5:28  Mutalisk  
  76  5:31  Mutalisk  
  76  5:35  Mutalisk  
  77  5:36  Zergling x6  
  77  5:41  Zergling x8  
  84  5:46  Centrifugal Hooks  
  84  5:47  Zergling x2  
  84  5:48  Zergling x2  
  86  5:53  Zergling x2  
  86  5:56  Zergling x2  
  88  6:00  Zergling x8  
  92  6:04  Zergling x2  
  92  6:07  Zergling x2  
  92  6:11  Zergling x14  
  101  6:14  Zergling x2  
  102  6:21  Drone, Hatchery  
  102  6:24  Drone  
  103  6:27  Zerg Flyer Weapons Level 1  
  103  6:28  Drone x3  
  103  6:29  Overlord  
  103  6:31  Overlord  
  106  6:35  Overlord  
  106  6:38  Overlord  
  106  6:48  Drone x2  
  106  6:49  Drone x2, Evolution Chamber  
  106  6:50  Evolution Chamber  
  106  6:51  Drone  
  106  6:53  Mutalisk  
  111  6:58  Drone x2  
  111  7:01  Drone x3  
  116  7:03  Mutalisk  
  116  7:07  Mutalisk  
  120  7:14  Mutalisk x3  
  126  7:21  Zerg Ground Armor Level 1, Zerg Melee Weapons Level 1  
  126  7:24  Drone x3  
  126  7:29  Mutalisk  
  131  7:32  Drone  
  131  7:33  Drone x4  
  131  7:37  Zergling x6  
  136  7:41  Zergling x6  
  136  7:45  Zergling x4  
  136  7:50  Zergling x4  
  137  7:53  Overlord  
  137  7:55  Zergling x8  
  137  7:57  Baneling  
  137  7:58  Baneling x11  
  141  8:03  Drone x2  
  143  8:06  Overlord x2  
  143  8:09  Baneling  
  143  8:10  Baneling x3  
  143  8:11  Queen  
  145  8:13  Drone x4  
  145  8:14  Drone  
  145  8:17  Extractor  
  145  8:18  Baneling x6  
  149  8:20  Zergling x2  
  149  8:21  Zergling x2  
  151  8:30  Zergling x18  
  154  8:35  Baneling x6  
  139  8:42  Zergling x14  
  139  8:47  Baneling x2  
  139  8:50  Mutalisk  
  139  8:51  Zergling x6  
  139  8:52  Zergling x8  
  139  8:54  Mutalisk  
  143  8:58  Zergling x2  
  143  9:00  Zergling x2  
  143  9:02  Zergling x2  
  129  9:05  Mutalisk  
  117  9:11  Zergling x2, Mutalisk  
  117  9:12  Zergling x2  
  117  9:14  Queen x4  
  124  9:18  Zergling x4  
  124  9:19  Zergling x2  
  124  9:20  Mutalisk  
  124  9:23  Zergling x6  
  132  9:27  Mutalisk  
  129  9:33  Zergling x6  
  129  9:35  Mutalisk  
  129  9:37  Zergling x4  
  129  9:38  Zergling x2  
  135  9:40  Extractor  
  135  9:44  Baneling  
  135  9:45  Zergling x4  
  131  9:46  Zergling x2  
  131  9:48  Mutalisk  
  131  9:49  Zergling x2  
  131  9:50  Zergling x10  
  136  9:55  Zergling x2  
  136  9:57  Zergling x2  
  136  9:59  Zergling x2  
  135  10:00  Mutalisk  
  135  10:02  Overlord  
  131  10:07  Overseer x2, Drone  
  131  10:08  Drone  
  131  10:11  Mutalisk  
  131  10:13  Zergling x6  
  134  10:15  Overlord  
  134  10:16  Zergling x2  
  134  10:17  Zergling x2  
  134  10:18  Overlord  
  134  10:20  Pneumatized Carapace  
  134  10:21  Zergling x6  
  134  10:22  Zergling x4  
  134  10:23  Mutalisk  
  134  10:26  Baneling x2  
  134  10:27  Zergling x2  
  142  10:29  Hatchery  
  142  10:33  Drone x2  
  142  10:35  Zergling x2, Extractor  
  144  10:36  Baneling x6  
  144  10:37  Zergling x6  
  144  10:38  Zergling x4  
  144  10:40  Zergling x4  
  144  10:41  Zergling x4  
  152  10:46  Zergling x12  
  152  10:49  Zergling x2  
  155  10:50  Baneling x9  
  155  10:53  Zergling x4  
  155  10:54  Zergling x2  
  158  10:59  Drone x2  
  158  11:04  Overlord  
  159  11:07  Overlord x2  
  159  11:08  Overlord  
  159  11:10  Overlord  
  156  11:18  Baneling x5  
  156  11:24  Zergling x2  
  156  11:25  Zergling x22  
  168  11:26  Baneling x6  
  168  11:28  Zergling x4  
  168  11:32  Zergling x2  
  171  11:35  Zergling x6  
  171  11:37  Baneling x9  
  175  11:40  Zergling x8  
  175  11:44  Drone x5  
  183  11:49  Infestation Pit  
  183  11:50  Baneling x6  
  183  11:52  Drone x3  
  185  11:56  Zergling x8  
  191  12:04  Zergling x10  
Show
View Real Time Build Order
Export as new Build Order

HeroMarine Terran 

Build Orders: Reaper Expand 

Get SALT Encoding   

  12  0:00  SCV  
  13  0:12  SCV  
  14  0:17  Supply Depot  
  14  0:24  SCV  
  15  0:38  SCV  
  15  0:39  Barracks  
  16  0:43  Refinery  
  16  0:50  SCV  
  17  1:03  SCV  
  18  1:15  SCV  
  19  1:25  Reaper  
  19  1:27  Orbital Command  
  20  1:39  Command Center  
  20  1:46  Supply Depot  
  20  1:52  SCV  
  21  1:57  Marine  
  22  2:04  SCV  
  23  2:10  Factory  
  23  2:16  SCV  
  23  2:20  Barracks Reactor  
  24  2:28  SCV  
  25  2:37  Command Center  
  25  2:40  SCV  
  26  2:51  Orbital Command  
  26  2:53  SCV  
  27  3:00  Refinery  
  27  3:02  Hellion x2  
  31  3:05  SCV  
  31  3:09  Barracks Tech Lab  
  32  3:17  SCV  
  32  3:18  SCV, Orbital Command  
  34  3:30  Stimpack  
  34  3:33  Barracks x2, Factory Reactor  
  34  3:34  SCV  
  34  3:37  Marine  
  36  3:47  SCV x2  
  38  3:49  Orbital Command  
  37  3:57  Marine  
  37  3:59  SCV x2  
  40  4:11  SCV x2  
  40  4:12  Starport  
  40  4:15  Marine  
  40  4:16  SCV  
  44  4:18  Factory Reactor  
  44  4:23  SCV x2  
  46  4:24  Marine  
  46  4:25  Marine  
  46  4:28  Marine x2  
  46  4:29  SCV  
  51  4:32  Supply Depot  
  51  4:35  SCV  
  51  4:37  Engineering Bay x2, Marine  
  51  4:38  SCV  
  54  4:41  SCV  
  54  4:42  Marine x2  
  57  4:46  Refinery  
  57  4:47  SCV, Marine  
  57  4:49  Marine  
  57  4:51  SCV  
  61  4:57  Supply Depot, Marine  
  61  4:59  SCV  
  64  5:00  Marine  
  64  5:01  Marine  
  64  5:04  Medivac x2, Factory Reactor  
  64  5:05  Orbital Command  
  69  5:13  SCV  
  69  5:15  Terran Infantry Armor Level 1  
  69  5:16  Supply Depot  
  69  5:17  Terran Infantry Weapons Level 1  
  69  5:18  Marine x2  
  69  5:20  Missile Turret  
  70  5:23  SCV  
  70  5:24  Missile Turret, Marine  
  70  5:26  Marine  
  74  5:28  SCV  
  74  5:33  SCV, Missile Turret  
  74  5:35  SCV  
  76  5:36  Marine  
  76  5:38  Marine  
  76  5:40  Missile Turret  
  78  5:44  SCV  
  78  5:48  Missile Turret  
  80  5:52  Widow Mine x2  
  80  5:56  Combat Shield, Marine  
  80  5:57  SCV  
  85  6:07  Supply Depot  
  85  6:08  SCV x2, Marine x4  
  85  6:09  SCV  
  90  6:14  Marine  
  90  6:15  Widow Mine  
  92  6:22  Supply Depot  
  92  6:23  Supply Depot  
  92  6:25  Marine  
  92  6:28  SCV x3, Widow Mine, Marine x3  
  92  6:32  Medivac x2  
  105  6:40  SCV x2  
  105  6:41  SCV  
  105  6:46  Missile Turret  
  105  6:47  Barracks, Marine  
  108  6:48  Barracks  
  108  6:49  Missile Turret, Marine  
  108  6:50  Marine x3  
  113  6:56  Armory  
  113  6:58  SCV x2  
  113  6:59  SCV  
  115  7:04  Marine  
  115  7:06  Widow Mine  
  115  7:07  Widow Mine, Marine x3  
  115  7:08  Marine  
  123  7:13  Supply Depot  
  123  7:15  Supply Depot  
  124  7:22  Marine  
  124  7:27  Marine  
  124  7:28  Bunker, Marine  
  124  7:29  Supply Depot, Medivac  
  125  7:34  Medivac, Widow Mine x2, Marine  
  125  7:36  Supply Depot  
  131  7:37  Supply Depot  
  131  7:38  Supply Depot  
  131  7:42  SCV  
  131  7:44  Terran Infantry Weapons Level 2  
  132  7:45  Marine x2  
  132  7:48  Barracks Reactor, Refinery  
  132  7:49  Refinery  
  132  7:50  SCV  
  132  7:51  SCV  
  137  7:54  SCV  
  137  7:57  Marine x3  
  141  7:58  Barracks Reactor  
  141  8:03  SCV  
  141  8:04  Marine x2  
  141  8:05  Widow Mine x2  
  144  8:09  Barracks  
  144  8:11  Barracks  
  144  8:12  Medivac x2  
  148  8:15  Marine x3  
  151  8:21  Marine x2  
  151  8:25  Terran Infantry Armor Level 2  
  151  8:26  Marine x2  
  154  8:29  SCV x2  
  154  8:32  Marine  
  154  8:33  Marine x2  
  154  8:38  Marine x2  
  154  8:39  Marine x2  
  153  8:43  Marine  
  153  8:44  Marine  
  132  8:50  Marine x3  
  133  8:56  Marine x2  
  133  8:57  Marine x2  
  133  8:59  SCV x2  
  133  9:01  Marine x2  
  129  9:08  Marine x3  
  113  9:14  Marine x2  
  113  9:15  Marine x2  
  108  9:19  Marine x2  
  108  9:23  Marine  
  108  9:24  Marine  
  109  9:26  Marine x3  
  106  9:31  Marine  
  106  9:32  Marine  
  106  9:33  Marine x2  
  106  9:37  Marine x2  
  107  9:41  Marine x2  
  107  9:44  Marine x3  
  112  9:49  Marine x2  
  112  9:50  Marine  
  112  9:51  Marine  
  103  9:55  Marine x2  
  103  9:59  Marine x2  
  101  10:00  Widow Mine x2  
  101  10:01  Marine  
  101  10:02  Marine  
  92  10:07  Marine x2  
  92  10:08  Marine x2  
  92  10:09  Orbital Command  
  92  10:12  Marine  
  92  10:13  Marine  
  95  10:17  Marine x2  
  95  10:18  Medivac x2  
  95  10:19  Marine x2  
  102  10:22  Marine  
  93  10:29  Marine x2  
  95  10:36  Marine x2  
  95  10:37  Marine  
  95  10:41  Marine x2  
  95  10:42  Marine  
  101  10:43  Marine  
  101  10:47  Marine  
  99  10:50  Marine  
  99  10:53  Medivac  
  99  10:56  Medivac  
  104  10:57  Marine  
  104  10:58  Marine  
  104  11:01  Widow Mine  
  104  11:02  Marine  
  104  11:04  Marine x2  
  108  11:05  Marine  
  108  11:07  Marine x2  
  108  11:09  Marine  
  114  11:12  Marine x2  
  114  11:18  Marine  
  117  11:22  Marine x4  
  117  11:23  Marine  
  117  11:25  Marine  
  112  11:27  Marine x2  
  114  11:33  Missile Turret  
  114  11:35  Missile Turret  
  114  11:36  Marine  
  114  11:37  Marine  
  115  11:41  Marine x2  
  115  11:43  Marine  
  115  11:44  Marine  
  115  11:45  Marine  
  115  11:46  Marine  
  121  11:49  Marine x2  
  121  11:52  Medivac  
  125  11:55  Medivac, Marine  
  128  12:03  Marine x2  
  128  12:05  Marine x2  
  128  12:07  Marine x2  
Tags
 
Add a new tag
Caveats
  • Supply blocks, unpowered buildings, or Contaminate may cause inaccurate times.
  • Supply counts are checked every 10 seconds.